Map: Dreamcatcher LE

Players

HeRoMaRinE

  • Race: Terran Terran
  • League: Master
  • Spawn Location: 11:00

Zest - Winner!

  • Race: Protoss Protoss
  • League: Master
  • Spawn Location: 5:00

Event: HomeStory Cup XVII

VOD

Have the link to the VOD?

Description

Time

  • Played on: June 30, 2018, 4:26 p.m.
  • Length: 12:01

All games in this series

Show
View Real Time Build Order
Export as new Build Order

HeRoMaRinE Terran 

Build Orders: Gas First Reaper Expand, Reaper Expand, MMM Bio, Banshee Rush 

Get SALT Encoding   

  12  0:00  SCV  
  13  0:13  SCV  
  14  0:18  Supply Depot  
  14  0:25  SCV  
  15  0:29  Refinery  
  15  0:40  SCV  
  16  0:44  Barracks  
  16  0:52  SCV  
  17  1:04  SCV  
  18  1:16  SCV  
  19  1:32  Orbital Command, Reaper  
  20  1:44  Command Center  
  20  1:55  Factory  
  20  1:59  SCV  
  21  2:07  Refinery, Barracks Reactor  
  21  2:11  SCV  
  22  2:16  Supply Depot  
  22  2:23  SCV  
  23  2:38  SCV  
  23  2:40  Starport  
  23  2:43  Widow Mine, Marine  
  23  2:44  Marine  
  28  2:50  SCV  
  29  2:57  Orbital Command  
  29  3:02  SCV  
  33  3:05  Cyclone  
  33  3:12  Marine  
  34  3:13  Marine  
  34  3:14  SCV  
  34  3:19  Starport Tech Lab  
  36  3:24  SCV  
  36  3:26  SCV  
  38  3:29  Marine  
  38  3:31  Marine  
  40  3:37  SCV  
  40  3:38  SCV  
  40  3:39  Cloaking Field  
  42  3:43  Supply Depot, Banshee  
  44  3:50  SCV x2  
  44  3:52  Marine  
  46  3:57  Factory Tech Lab  
  46  4:02  Supply Depot  
  46  4:05  SCV x2  
  49  4:17  SCV x2  
  52  4:26  Banshee  
  52  4:28  Command Center  
  52  4:29  SCV x2  
  54  4:37  Supply Depot, Siege Tank  
  57  4:38  Marine x2  
  57  4:43  Barracks  
  57  4:45  SCV  
  60  4:46  SCV  
  61  4:56  Marine  
  61  4:59  Barracks, Marine, SCV x2  
  65  5:02  Engineering Bay  
  65  5:10  Supply Depot  
  65  5:11  SCV x2  
  67  5:14  Marine  
  67  5:16  Marine  
  67  5:20  Factory Reactor  
  69  5:22  Barracks  
  69  5:23  SCV  
  69  5:25  Starport Reactor  
  70  5:29  Missile Turret  
  70  5:32  Barracks, SCV  
  72  5:35  SCV  
  72  5:36  Marine x2  
  72  5:40  Marine  
  72  5:41  Stimpack  
  72  5:43  Orbital Command  
  72  5:44  SCV  
  72  5:47  SCV  
  74  5:53  Marine  
  74  5:55  Marine  
  74  5:56  SCV  
  77  5:58  Marine  
  77  5:59  SCV  
  77  6:03  Medivac x2  
  81  6:08  SCV  
  81  6:10  Marauder  
  80  6:12  SCV  
  80  6:16  Refinery, Marauder  
  80  6:17  Refinery, Orbital Command, Marine  
  80  6:18  Marine  
  85  6:20  Terran Infantry Weapons Level 1, SCV  
  85  6:24  SCV  
  84  6:31  Marauder  
  84  6:32  SCV  
  87  6:34  Barracks Tech Lab  
  87  6:35  Missile Turret  
  87  6:36  Supply Depot  
  87  6:37  Supply Depot, SCV  
  87  6:38  Marauder  
  90  6:42  Missile Turret  
  90  6:44  Combat Shields, SCV  
  90  6:46  SCV  
  92  6:50  SCV  
  93  6:57  Marine x3  
  93  6:58  SCV x2  
  101  7:02  SCV  
  101  7:05  Supply Depot  
  101  7:07  Marauder x3, Marine  
  101  7:08  Supply Depot  
  106  7:10  Medivac  
  108  7:15  Supply Depot  
  108  7:19  Marine, Concussive Shells  
  109  7:23  Supply Depot  
  109  7:26  Medivac, Marine x3  
  109  7:29  Marauder  
  118  7:30  Marauder  
  118  7:31  SCV x2  
  120  7:37  Marauder, Marine  
  120  7:39  Orbital Command  
  120  7:43  SCV  
  121  7:45  Marine x2, SCV  
  121  7:48  Supply Depot  
  121  7:50  Marauder  
  122  7:51  Marauder  
  122  7:55  SCV  
  122  7:57  Marine x2, SCV  
  114  7:58  Marauder  
  114  8:02  Marine x2  
  114  8:04  Medivac  
  114  8:05  Medivac  
  110  8:07  SCV x2  
  110  8:11  Marauder  
  111  8:12  Marauder  
  111  8:15  Marine x2  
  111  8:17  SCV  
  111  8:19  Terran Infantry Armor Level 1, SCV  
  117  8:20  Marauder, Marine  
  117  8:26  Refinery, SCV  
  119  8:27  Ghost Academy  
  119  8:29  Refinery, SCV  
  119  8:31  SCV  
  119  8:33  Marauder  
  125  8:34  Marauder, Marine  
  125  8:35  Marine  
  125  8:38  SCV  
  125  8:41  Marauder, SCV  
  122  8:43  Marine x2  
  122  8:46  SCV  
  111  8:50  SCV  
  111  8:52  Marine x2  
  111  8:54  Marauder, SCV  
  101  8:55  Marauder  
  101  8:58  SCV  
  101  9:01  Medivac, Marine x2  
  101  9:02  Medivac, Marauder  
  102  9:03  SCV  
  102  9:04  Factory Reactor  
  102  9:06  SCV  
  104  9:10  Marine x2, SCV  
  104  9:11  Starport  
  104  9:15  SCV  
  104  9:16  Liberator  
  108  9:17  Liberator, Marauder x2  
  108  9:18  SCV  
  108  9:19  Marine x2  
  108  9:23  SCV  
  108  9:24  Marauder  
  118  9:27  SCV  
  118  9:28  Marine  
  118  9:30  Supply Depot x2, SCV  
  121  9:35  SCV  
  128  9:39  SCV  
  128  9:40  Liberator x2  
  128  9:43  Marine x2, Marauder x2  
  132  9:46  Marine  
  132  9:50  Supply Depot  
  132  9:51  Marauder  
  132  9:52  Supply Depot x2  
  141  10:02  Liberator  
  141  10:04  Marauder  
  141  10:05  Marauder  
  140  10:07  Marine x2  
  140  10:13  Marauder  
  135  10:17  Marine x2  
  119  10:24  Orbital Command  
  119  10:26  Marauder  
  119  10:28  Marauder  
  104  10:43  Marine x2  
  104  10:44  Orbital Command  
  104  10:46  Marine  
  104  10:47  Marine  
  106  10:55  Marine  
  99  11:00  Marine  
  99  11:01  Marine  
  90  11:04  Marine x2  
  87  11:13  Marine  
  88  11:18  Marine  
  88  11:19  Marine  
  88  11:21  Medivac  
  88  11:22  Marine  
  88  11:23  Marine  
  97  11:30  Marine  
  98  11:36  Marine  
  98  11:37  Marine  
  92  11:40  Marine  
  92  11:41  Marine  
  92  11:42  Supply Depot x2  
  92  11:46  Refinery x2  
Show
View Real Time Build Order
Export as new Build Order

Zest Protoss - Winner!

Build Orders: 1 Gate Expand, Oracle Opening 

Get SALT Encoding   

  12  0:01  Probe  
  13  0:13  Probe  
  14  0:18  Pylon  
  14  0:24  Probe  
  15  0:32  Probe  
  15  0:37  Gateway  
  15  0:40  Probe  
  16  0:46  Assimilator  
  17  0:51  Probe  
  18  1:04  Probe  
  19  1:16  Probe  
  20  1:23  Nexus  
  20  1:34  Cybernetics Core  
  20  1:37  Probe  
  21  1:42  Assimilator  
  21  1:49  Probe  
  21  1:53  Pylon  
  22  2:01  Probe  
  22  2:04  Adept  
  23  2:10  Stargate  
  25  2:16  Probe  
  26  2:23  Warp Gate  
  26  2:28  Probe  
  27  2:30  Adept  
  27  2:32  Probe  
  30  2:40  Probe x2  
  30  2:44  Oracle  
  31  2:50  Probe  
  32  2:52  Probe  
  37  3:00  Adept  
  37  3:02  Probe  
  37  3:04  Probe  
  41  3:08  Pylon  
  41  3:12  Probe  
  41  3:16  Probe  
  43  3:20  Probe  
  43  3:26  Oracle  
  47  3:29  Probe x2  
  49  3:35  Gateway  
  49  3:36  Gateway  
  49  3:40  Pylon  
  49  3:44  Probe x2  
  51  3:56  Probe x2  
  53  4:03  Phoenix  
  53  4:08  Probe x2  
  57  4:11  Nexus  
  57  4:15  Pylon  
  57  4:20  Probe  
  57  4:21  Probe  
  57  4:23  Twilight Council  
  59  4:26  Forge  
  59  4:28  Assimilator  
  59  4:32  Assimilator  
  59  4:35  Pylon  
  59  4:36  Probe x2  
  61  4:39  Protoss Ground Weapons Level 1  
  61  4:40  Blink  
  61  4:48  Probe x2  
  63  5:01  Probe x2  
  63  5:03  Sentry  
  67  5:13  Probe x2  
  69  5:14  Gateway  
  69  5:15  Gateway  
  69  5:18  Robotics Facility  
  69  5:19  Gateway  
  69  5:22  Sentry  
  69  5:23  Probe  
  69  5:25  Probe x2  
  69  5:27  Pylon  
  74  5:29  Sentry  
  76  5:39  Probe x2  
  78  5:44  Shield Battery  
  78  5:49  Probe  
  79  5:50  Stalker  
  79  5:51  Probe x2, Stalker  
  82  6:01  Probe  
  82  6:02  Stalker  
  82  6:03  Probe x2  
  70  6:12  Probe  
  70  6:13  Probe x2  
  70  6:15  Immortal  
  68  6:20  Probe  
  68  6:21  Probe x2  
  71  6:26  Sentry x2  
  71  6:28  Probe  
  71  6:29  Probe x2  
  80  6:35  Gateway, Sentry  
  80  6:37  Gateway  
  80  6:39  Probe  
  84  6:40  Stalker x3  
  84  6:45  Protoss Ground Armor Level 1, Warp Prism  
  84  6:46  Probe x2  
  93  6:52  Probe  
  94  6:58  Probe  
  94  6:59  Probe, Pylon  
  98  7:04  Pylon  
  98  7:06  Assimilator, Pylon  
  98  7:07  Stalker  
  100  7:08  Charge  
  100  7:11  Assimilator  
  100  7:17  Pylon  
  100  7:19  Adept x3  
  100  7:22  Stalker x2  
  110  7:42  Stalker x4  
  118  7:47  Stalker x2  
  118  7:48  Zealot x2  
  110  8:09  Probe x3  
  110  8:11  Nexus  
  111  8:14  Pylon  
  111  8:19  Stalker x7  
  125  8:20  Stalker  
  125  8:21  Probe  
  125  8:22  Probe  
  129  8:36  Protoss Ground Armor Level 2  
  123  8:47  Stalker x5, Zealot x3  
  133  8:51  Warp Prism  
  117  8:56  Probe x2  
  109  9:08  Templar Archives  
  109  9:15  Sentry  
  111  9:22  Zealot x7  
  125  9:27  Dark Shrine  
  125  9:33  Probe x3  
  125  9:34  Assimilator, Probe  
  129  9:39  Assimilator  
  129  9:42  Zealot x4  
  137  10:03  Immortal  
  137  10:06  Psionic Storm, Zealot x8  
  135  10:30  Zealot  
  135  10:31  Zealot x7  
  139  10:49  Immortal  
  133  10:56  High Templar x4  
  139  11:02  Gateway  
  135  11:05  Gateway  
  135  11:06  Gateway  
  135  11:07  Gateway  
  125  11:14  Stalker x3  
  125  11:15  Stalker  
  123  11:26  Pylon  
  122  11:32  Stalker  
  122  11:33  Stalker x3  
  122  11:38  Nexus  
  128  11:42  Stalker x4  
  128  11:46  Probe x3  
  128  11:47  Probe  
Tags
 
Add a new tag
Caveats
  • Supply blocks, unpowered buildings, or Contaminate may cause inaccurate times.
  • Supply counts are checked every 10 seconds.